 Dungeon Sprint DCSS version 0.23.2-40-g277498a001 (webtiles) character file.

Game seed: 196291006442867998

247 Devam the Grave Robber (level 5, -6/43 HPs)
             Began as a Mummy Necromancer on Sept 27, 2019.
             Was an Initiate of Gozag.
             Mangled by a death cob (15 damage)
             ... in the Dungeon (Sprint V: "Ziggurat Sprint").
             The game lasted 00:05:56 (165 turns).

Devam the Grave Robber (Mummy Necromancer)           Turns: 165, Time: 00:05:57

Health: -6/43      AC: 17    Str: 12    XL:     5   Next: 85%
Magic:  2/12       EV: 14    Int: 21    God:    Gozag
Gold:   258        SH:  9    Dex: 20    Spells: 10/14 levels left

rFire    + . .     SeeInvis .   g - +5 demon whip (elec)
rCold    + + .     Gourm    .   d - +3 buckler
rNeg     + + +     Faith    .   b - +5 fire dragon scales
rPois    ∞         Spirit   .   (no helmet)
rElec    .         Reflect  .   (no cloak)
rCorr    .         Harm     .   y - +2 pair of gloves of Keawit {+Inv rC+}
MR       .....     NoTele   +   (no boots)
Stlth    ++........             (no amulet)
HPRegen  0.14/turn              r - +6 ring of intelligence
MPRegen  0.13/turn              a - ring of Scepticism {rPois rC+ Dex+3}

@: agile, flying, slightly contaminated, slowed, invisible, very slow
A: no food or potions, fire vulnerability, cold resistance 1, negative energy
resistance 3, torment resistance, unbreathing
a: Potion Petition, Call Merchant, Bribe Branch, Renounce Religion


You were in the Dungeon.
You worshipped Gozag.
Gozag was aware of your devotion.
You were not hungry.

You visited 1 branch You collected 450 gold pieces.
You paid 192 gold pieces to Gozag.

Inventory:

Hand Weapons
 g - a +5 demon whip of electrocution (weapon)
 w - the +6 Majin-Bo {vamp, Archmagi MP+6 Int+6}
   (You found it in the Dungeon)

   It inflicts no extra harm, but heals its wielder when it wounds a living foe.
   It affects your intelligence (+6).
   It affects your magic capacity (+6).
Armour
 b - +5 fire dragon scales (worn)
 d - a +3 buckler (worn)
 e - a +3 large shield
 f - a +3 shield
 y - the +2 pair of gloves of Keawit (worn) {+Inv rC+}
   (You found it in the Dungeon)

   It protects you from cold.
   It lets you turn invisible.
Jewellery
 a - the ring of Scepticism (right hand) {rPois rC+ Dex+3}
   (You found it in the Dungeon)

   [ring of dexterity]

   It affects your dexterity (+3).
   It protects you from cold.
   It protects you from poison.
 p - a +6 ring of dexterity
 q - a +6 ring of dexterity
 r - a +6 ring of intelligence (left hand)
 s - a +6 ring of intelligence
 t - a +6 ring of strength
 u - a +6 ring of strength
Wands
 m - a wand of disintegration (4)
 n - a wand of iceblast (6)
 o - a wand of acid (6)
Scrolls
 c - 2 scrolls of blinking
 h - 4 scrolls of amnesia
 i - 7 scrolls of fog
 j - 5 scrolls of identify {@r1}
 k - 5 scrolls of remove curse {@r2}
Miscellaneous
 v - a lightning rod (inert)


   Skills:
 + Level 4.4 Fighting
 + Level 3.8 Maces & Flails
 + Level 3.7 Armour
 - Level 1.5 Dodging
 - Level 1.5 Stealth
 + Level 3.6 Shields
 - Level 5.0 Spellcasting
 + Level 6.2 Necromancy
 + Level 3.7 Evocations


You had 10 spell levels left.
You knew the following spells:

 Your Spells              Type           Power        Failure   Level  Hunger
a - Pain                  Necr           ####         6%          1    N/A
b - Vampiric Draining     Necr           ####......   19%         3    N/A

Your spell library contained the following spells:

 Spells                   Type           Power        Failure   Level  Hunger
 Animate Skeleton         Necr           N/A          6%          1    N/A
 Animate Dead             Necr           N/A          52%         4    N/A
 Apportation              Tloc           #.....       58%         1    N/A
 Shock                    Conj/Air       #...         58%         1    N/A
 Conjure Flame            Conj/Fire      #.......     92%         3    N/A
 Teleport Other           Tloc           #.......     92%         3    N/A
 Regeneration             Chrm/Necr      Unusable     N/A         3    N/A

Dungeon Overview and Level Annotations

Branches:
Dungeon (1/1)

Altars:
Ashenzari
Cheibriados
Dithmenos
Elyvilon
Fedhas
Gozag
Hepliaklqana
Kikubaaqudgha
Makhleb
Nemelex Xobeh
Okawaru
Qazlal
Ru
Sif Muna
Trog
Uskayaw
Vehumet
Wu Jian
Xom
Yredelemnul
Zin
The Shining One
Beogh
Jiyva
Lugonu

Annotations:
D 1 transporter


Innate Abilities, Weirdness & Mutations

You do not eat or drink.
Your flesh is vulnerable to fire.
You are immune to poison.
Your flesh is cold resistant. (rC+)
You are immune to negative energy. (rN+++)
You are immune to unholy pain and torment.
You can survive without breathing.


Message History

You block the death cob's attack. The death cob misses you.
You block the death cob's attack. The death cob hits you!
The death cob drains your vigour!
You feel as though you will be slow longer.
You are lightly contaminated with residual magic.
Evoke which item? (* to show all) (? for menu, Esc to quit)
Aiming: Disintegrate
Press: ? - help, Shift-Dir - straight line, f/p - death cob
Aim: a death cob (moderately damaged, chance to defeat MR: 65%)
The death cob struggles to resist.
The draconian seems to regain its courage.
The death cob hits you!!
* * * LOW HITPOINT WARNING * * *
The death cob closely misses you. The death cob completely misses you.
As you read the scroll of fear, it crumbles to dust.
You assume a fearsome visage.
The death cob is unaffected.
The draconian looks frightened!
You block the death cob's attack. The death cob hits you!
You die...
Your body crumbles into a pile of gold.

▓.....▓.....▓..©..▓
▓..©..▓..©..▓▓▓▓▓▓▓
▓▓▓▓▓▓▓▓▓▓▓▓▓▓
▓..8©8...▓
▓..=)}...▓
▓...:....▓
▓........▓
▓......d.▓
▓.▓....▓@▓
▓...©.dz.▓
▓▓▓▓▓▓▓▓▓▓


You could see a death cob and 2 draconians.

Vanquished Creatures
  2 hell hounds (D)
  2 mummies (D)
  2 adders (D)
  An adder zombie (D)
  2 ball pythons (D)
9 creatures vanquished.

Vanquished Creatures (others)
  A spatial maelstrom (D)
1 creature vanquished.

Grand Total: 10 creatures vanquished

Notes
Turn   | Place    | Note
-------+----------+-------------------------------------------
     0 | D        | Found the +6 Majin-Bo {vamp, Archmagi MP+6 Int+6}
     0 | D        | Found the +7 great mace "Firestarter" {inner flame, rF++}
     0 | D        | Devam the Mummy Necromancer began the quest for the Orb.
     0 | D        | Reached XP level 1. HP: 13/13 MP: 4/4
     3 | D        | Found a blossoming altar of Fedhas.
     5 | D        | Found a viscous altar of Jiyva.
     5 | D        | Found a hazy altar of Hepliaklqana.
     5 | D        | Found a transporter.
     5 | D        | Found an opulent altar of Gozag.
     5 | D        | Found an ancient bone altar of Kikubaaqudgha.
     5 | D        | Found a corrupted altar of Lugonu.
    10 | D        | Banished a spatial maelstrom
    14 | D        | Found a burning altar of Makhleb.
    15 | D        | Found a stormy altar of Qazlal.
    15 | D        | Found an iron altar of Okawaru.
    15 | D        | Found a sacrificial altar of Ru.
    15 | D        | Found a sparkling altar of Nemelex Xobeh.
    15 | D        | Found a deep blue altar of Sif Muna.
    15 | D        | Found a bloodstained altar of Trog.
    33 | D        | Found the +9 heavy crossbow "Sniper" {velocity, Acc+∞ SInv}
    33 | D        | Found the +10 dark maul {crush}
    33 | D        | Found the +15 Maxwell's patent armour {-Cast -Tele rElec
                  | MR+ rCorr}
    33 | D        | Found the +18 shield of the Gong {rElec rN+ MR+ EV-5}
    33 | D        | Found the cursed +14 obsidian axe {chop, +Fly SInv *Curse}
    43 | D        | Became a worshipper of Gozag Ym Sagoz the Greedy
    71 | D        | Entered arena 2.
    71 | D        | Found a transporter.
    72 | D        | Reached skill level 1 in Fighting
    72 | D        | Reached skill level 1 in Maces & Flails
    72 | D        | Reached skill level 1 in Armour
    72 | D        | Reached skill level 1 in Shields
    72 | D        | Reached skill level 1 in Evocations
    72 | D        | Reached XP level 2. HP: 21/21 MP: 6/6
    87 | D        | Entered arena 3.
    87 | D        | Noticed a hell hound
    87 | D        | Noticed a hell hound
    87 | D        | Found a transporter.
    89 | D        | Killed a hell hound
    89 | D        | Reached skill level 5 in Spellcasting
    89 | D        | Reached skill level 5 in Necromancy
    89 | D        | Reached XP level 3. HP: 29/29 MP: 6/9
    89 | D        | Reached XP level 4. HP: 35/35 MP: 7/11
    91 | D        | Killed a hell hound
    91 | D        | Reached skill level 6 in Necromancy
    91 | D        | Reached XP level 5. HP: 42/42 MP: 7/12
    99 | D        | Got the ring of Scepticism {rPois rC+ Dex+3}
   110 | D        | Learned a level 3 spell: Vampiric Draining
   112 | D        | Entered arena 4.
   112 | D        | Found a transporter.
   131 | D        | Got the +2 pair of gloves of Keawit {+Inv rC+}
   133 | D        | Got the Grimoire of Attacks and Displacement
   142 | D        | Entered arena 5.
   142 | D        | Noticed a draconian
   142 | D        | Noticed a death cob
   142 | D        | Noticed a draconian
   142 | D        | Noticed a draconian
   142 | D        | Found a transporter.
   165 | D        | Mangled by a death cob

Skill      XL: |  1  2  3  4 |
---------------+-------------+-----
Fighting       | 1 3 4 |  4.4
Maces & Flails | 1 2 3 |  3.8
Armour         | 1 2 3 |  3.7
Shields        | 1 2 3 |  3.6
Spellcasting   | 3 5 |  5.0
Evocations     | 1 2 3 |  3.7
Necromancy     | 5 6 |  6.2
Dodging        | |  1.5
Stealth        | |  1.5

Action                   |  1- 3 |  4- 6 || total
-------------------------+-------+-------++-------
Melee: Demon whip        |     4 |     7 ||    11
 Cast: Vampiric Draining |       |     3 ||     3
Invok: Potion Petition   |       |     2 ||     2
Evoke: Lightning rod     |     3 |     7 ||    10
       Wand              |       |     5 ||     5
  Use: Scroll            |       |     5 ||     5
 Stab: Invisible         |       |     2 ||     2
Armor: Fire dragon scale |     2 |     8 ||    10
Dodge: Dodged            |       |    41 ||    41
Block: Buckler           |       |    27 ||    27
